 Dungeon Crawl Stone Soup version 0.27.1-2-g3b301248ec (webtiles) character file.

Game seed: 16435246702519205817

1409 DoubleLucky the Stinger (level 8, -4/54 HPs)
             Began as an Octopode Venom Mage on Sept 29, 2021.
             Slain by a wyvern zombie (5 damage)
             ... on level 6 of the Dungeon.
             The game lasted 00:31:54 (8392 turns).

DoubleLucky the Stinger (Octopode Venom Mage)       Turns: 8392, Time: 00:31:55

Health: -4/54      AC:  1    Str:  7    XL:     8   Next: 70%
Magic:  13/15      EV: 13    Int: 19    God:
Gold:   128        SH:  0    Dex: 13    Spells: 6/16 levels left

rFire    . . .     SeeInvis .   j - +0 whip (elec)
rCold    . . .     Faith    .   (no shield)
rNeg     + . .     Spirit   .   (helmet restricted)
rPois    .         Reflect  .   (no amulet)
rElec    .         Harm     .   n - ring of positive energy
rCorr    .         Rampage  .   (no ring)
Will     .....                  (no ring)
Stlth    +++.......             (no ring)
HPRegen  0.18/turn              (no ring)
MPRegen  0.14/turn              (no ring)
                                (no ring)
                                (no ring)

@: no status effects
A: almost no armour, amphibious, 8 rings, camouflage 1, gelatinous body 1,
(nimble swimmer 1), tentacles
a: no special abilities


You were on level 6 of the Dungeon.
You visited 1 branch of the dungeon, and saw 6 of its levels.
You also visited: Sewer.

You collected 176 gold pieces.
You spent 48 gold pieces at shops.

Inventory:

Hand Weapons
 d - a +2 dagger of freezing
 j - a +0 whip of electrocution (weapon)
Missiles
 b - 7 javelins
 k - a throwing net
 t - 6 poisoned darts
Jewellery
 n - a ring of positive energy (left tentacle)
Wands
 c - a wand of polymorph (10)
Scrolls
 a - a scroll of silence {unknown}
 g - 5 scrolls of blinking
 i - a scroll of vulnerability {unknown}
 l - a scroll of amnesia {unknown}
 o - 2 scrolls of enchant weapon {unknown}
 p - a scroll of summoning {unknown}
 q - 2 scrolls of fog {unknown}
 u - 2 scrolls of magic mapping {unknown}
Potions
 e - a potion of attraction {unknown}
 f - a potion of might
 h - a potion of brilliance
 m - 2 potions of haste
 r - a potion of lignification {unknown}
 s - a potion of resistance {unknown}
 v - a potion of ambrosia {unknown}
 w - a potion of flight {unknown}


   Skills:
 + Level 4.9 Fighting
 - Level 2.0 Dodging
 - Level 2.6 Stealth
 + Level 4.9 Spellcasting
 - Level 1.0 Transmutations
 - Level 5.0 Air Magic
 + Level 7.5 Poison Magic


You had 6 spell levels left.
You knew the following spells:

 Your Spells              Type           Power      Damage    Failure   Level
a - Sting                 Tmut/Pois      80%        1d7       2%          1
b - Poisonous Vapours     Pois/Air       56%        N/A       1%          2
c - Mephitic Cloud        Conj/Pois/Air  20%        N/A       7%          3
d - Olgreb's Toxic Radia  Pois           33%        N/A       5%          4

Your spell library contained the following spells:

 Spells                   Type           Power      Damage    Failure   Level


Dungeon Overview and Level Annotations

Branches:
Dungeon (6/15)              Sewer (visited)
 Temple: D:4-7

Altars:

Shops:
D:4 ?

Annotations:
D:5 exclusion: ice beast


Innate Abilities, Weirdness & Mutations

You cannot wear most types of armour.
You are amphibious.
You can wear up to eight rings at the same time.
Your skin changes colour to match your surroundings (Stealth+).
Your rubbery body absorbs attacks. (AC +1, EV +1)
((You are camouflaged near water. (Stealth+)))
You have tentacles for arms and can constrict up to eight enemies at once.


Message History

Partly explored, can't reach some items and places.
Partly explored, can't reach some items and places.
You see here a +0 hunting sling.
There is a stone staircase leading down here.
You climb downwards.
There is a stone staircase leading up here.
There is a stone staircase leading up here.
Press: ? - help, v - describe, . - travel
Here: a wyvern zombie The floor.
Casting: Poisonous Vapours (safe; 1% risk of failure)
Confirm with . or Enter, or press ? or * to list all spells.
Aiming: Sting (safe; 2% risk of failure)
Press: ? - help, Shift-Dir - straight line, f - wyvern zombie
Aim: a wyvern zombie (92% to hit)
The sting hits the wyvern zombie.
The wyvern zombie is lightly damaged.
The wyvern zombie bites you!
You hit the wyvern zombie. You squeeze the wyvern zombie!
The wyvern zombie is moderately damaged.
The wyvern zombie bites you!
You barely miss the wyvern zombie. Your squeeze misses the wyvern zombie.
The wyvern zombie is moderately damaged.
The wyvern zombie bites you! The wyvern zombie bites you.
You hit the wyvern zombie.
Lightning courses through the wyvern zombie!
The wyvern zombie is heavily damaged.
The wyvern zombie bites you!
* * * LOW HITPOINT WARNING * * *
Casting: Sting (safe; 2% risk of failure)
Confirm with . or Enter, or press ? or * to list all spells.
Aiming: Sting (safe; 2% risk of failure)
Press: ? - help, Shift-Dir - straight line, f/p - wyvern zombie
Aim: a wyvern zombie (heavily damaged, 92% to hit)
The sting hits the wyvern zombie.
The wyvern zombie partially resists.
The wyvern zombie is severely damaged.
The wyvern zombie bites you!
* * * LOW HITPOINT WARNING * * *
The wyvern zombie bites you.
You die...

## #.# ###..
#.... #####
#... .#..#
##..#....##
#...@.....#
#..#Z....#..
## #..#.....
#..# #..#
.... .#
..... .
......#
.......
.........


You could see a wyvern zombie.

Vanquished Creatures
  Pikel (D:4)
  Edmund (D:3)
  2 black bears
  An orc warrior (D:4)
  A phantom (D:3)
  4 lemures (D:4)
  2 orc priests
  Jessica (D:2)
  An iguana (D:4)
  Natasha (thrice) (D:4)
  A scorpion zombie (D:5)
  A killer bee zombie (D:5)
  4 gnolls (D:2)
  8 adders
  4 river rats
  A shadow imp (D:5)
  An adder skeleton (D:5)
  4 worms
  4 dart slugs
  7 orcs
  14 ball pythons
  4 bats
  9 endoplasms
  2 giant cockroaches (D:3)
  2 goblins
  6 hobgoblins
  3 quokkas
  3 frilled lizards
  13 kobolds
  9 rats
117 creatures vanquished.

Vanquished Creatures (others)
  A plant (D:2)
1 creature vanquished.

Grand Total: 118 creatures vanquished

Notes
Turn   | Place    | Note
-------+----------+-------------------------------------------
     0 | D:1      | DoubleLucky the Octopode Venom Mage began the quest for the
                  | Orb.
     0 | D:1      | Reached XP level 1. HP: 11/11 MP: 3/3
   376 | D:1      | Reached skill level 1 in Air Magic
   376 | D:1      | Reached skill level 4 in Poison Magic
   376 | D:1      | Reached XP level 2. HP: 17/17 MP: 0/5
   445 | D:1      | Found a faded altar of an unknown god.
  1053 | D:2      | Reached XP level 3. HP: 11/21 MP: 0/6
  1374 | D:2      | Noticed Jessica
  1860 | D:2      | Reached XP level 4. HP: 27/27 MP: 3/7
  1899 | D:2      | Learned a level 2 spell: Poisonous Vapours
  2133 | D:2      | Reached skill level 5 in Poison Magic
  2670 | D:2      | Killed Jessica
  2671 | D:2      | Reached XP level 5. HP: 31/31 MP: 0/8
  3523 | D:3      | Noticed a phantom
  3578 | D:3      | Found a glowing drain.
  3582 | Sewer    | Entered a sewer
  3593 | Sewer    | Reached skill level 6 in Poison Magic
  3932 | Sewer    | Reached XP level 6. HP: 35/37 MP: 2/9
  4364 | Sewer    | Reached skill level 1 in Fighting
  5361 | D:4      | Noticed Edmund
  5364 | D:4      | Noticed Natasha
  5414 | D:3      | Killed Edmund
  5521 | D:3      | Reached XP level 7. HP: 36/45 MP: 7/11
  5525 | D:3      | Learned a level 3 spell: Mephitic Cloud
  5814 | D:4      | Killed Natasha
  5976 | D:4      | Noticed Natasha
  5983 | D:4      | Killed Natasha
  6085 | D:4      | Noticed Natasha
  6091 | D:4      | Killed Natasha
  6092 | D:4      | Reached skill level 5 in Air Magic
  6198 | D:4      | Found Fumyd's Magic Scroll Emporium.
  6203 | D:4      | Bought a scroll of identify for 24 gold pieces
  6203 | D:4      | Bought a scroll of identify for 24 gold pieces
  6596 | D:4      | Noticed Pikel
  6658 | D:4      | Killed Pikel
  6659 | D:4      | Reached skill level 7 in Poison Magic
  6659 | D:4      | Reached XP level 8. HP: 47/54 MP: 2/15
  6853 | D:5      | Entered Level 5 of the Dungeon
  7382 | D:5      | Learned a level 4 spell: Olgreb's Toxic Radiance
  8392 | D:6      | HP: 1/54 [wyvern zombie (15)]
  8392 | D:6      | Slain by a wyvern zombie

Illustrated notes

Levels and vault maps discovered:
D:1:      lightli_arrival_windingriver, layout_rooms,
          hellmonk_ecumenical_altar_leap_of_faith
D:2:      layout_basic, hangedman_decor_push, corexii_shack, uniq_jessica
D:3:      layout_basic, gup_sewer_entry_bowl
D:4:      layout_rooms, serial_shops, shop, uniq_natasha, uniq_edmund,
          uniq_pikel
D:5:      layout_layer_cave
D:6:      layout_cave_pools, minmay_temple_entry_tees, dk_noncrumbling_4

Skill      XL: |  1  2  3  4  5  6  7 |
---------------+----------------------+-----
Air Magic      | 1 2 3 4 5 |  5.0
Poison Magic   | 4 5 6 7 |  7.5
Fighting       | 2 4 |  4.9
Spellcasting   | 3 4 |  4.9
Dodging        | |  2.0
Stealth        | |  2.6
Transmutations | |  1.0

Action                   |  1- 3 |  4- 6 |  7- 9 || total
-------------------------+-------+-------+-------++-------
Melee: Unarmed           |     5 |       |       ||     5
       Constrict         |     7 |    14 |    11 ||    32
       Dagger            |    20 |     2 |       ||    22
       Tentacles         |     1 |     9 |    15 ||    25
       Whip              |       |    73 |    58 ||   131
 Cast: Sting             |    47 |    23 |    11 ||    81
       Poisonous Vapours |       |    82 |    48 ||   130
  Use: Scroll            |       |     4 |     2 ||     6
       Potion            |       |     2 |     1 ||     3
 Stab: Sleeping          |     1 |       |       ||     1
Armor: Skin              |     2 |     4 |     2 ||     8
Dodge: Dodged            |    21 |    66 |    25 ||   112
